 Dungeon Crawl Stone Soup version 0.25-a0-834-g55863b0 (webtiles) character file.

Game seed: 4327103408827340444, levelgen mode: deterministic

79 Faca the Skirmisher (level 4, -1/66 HPs)
             Began as a Naga Fighter on Apr 22, 2020.
             Slain by a gnoll
             ... wielding a +0 whip
              (3 damage)
             ... on level 2 of the Dungeon.
             The game lasted 00:03:06 (1555 turns).

Faca the Skirmisher (Naga Fighter)                  Turns: 1555, Time: 00:03:06

Health: -1/66      AC:  4    Str: 19    XL:     4   Next: 37%
Magic:  4/4        EV:  5    Int:  9    God:
Gold:   49         SH:  8    Dex: 10    Spells: 3/3 levels left

rFire    . . .     SeeInvis +   a - +0 trident
rCold    . . .     Gourm    .   c - +0 kite shield
rNeg     . . .     Faith    .   b - +0 scale mail
rPois    +         Spirit   .   (no helmet)
rElec    .         Reflect  .   (no cloak)
rCorr    .         Harm     .   (no gloves)
MR       .....                  (no barding)
Stlth    ..........             (no amulet)
HPRegen  0.21/turn              (no ring)
MPRegen  0.09/turn              (no ring)

@: berserking, short of breath, quick
A: large, see invisible, deformed body, poison resistance, slowness 2, slow
metabolism 1, spit poison 1, AC +1
a: Spit Poison


You were on level 2 of the Dungeon.
You were hungry.

You visited 1 branch of the dungeon, and saw 2 of its levels.

You collected 49 gold pieces.

Inventory:

Hand Weapons
 a - a +0 trident (weapon)
Armour
 b - a +0 scale mail (worn)
 c - a +0 kite shield (worn)
Jewellery
 j - an uncursed ring of ice
Scrolls
 h - 3 scrolls of fear {unknown}
 i - a scroll of identify {unknown}
Potions
 d - a potion of might
 g - a potion of curing {unknown}
Comestibles
 f - 5 rations


   Skills:
 + Level 4.1 Fighting
 + Level 3.4 Polearms
 - Level 2.4 Armour
 - Level 2.4 Shields


You had 3 spell levels left.
You didn't know any spells.
Your spell library was empty.

Dungeon Overview and Level Annotations

Branches:
Dungeon (2/15)

Altars:
Ashenzari
Trog


Innate Abilities, Weirdness & Mutations

You cannot wear boots.
Your serpentine skin is tough. (AC +1)
You have supernaturally acute eyesight. (SInv)
Armour fits poorly on your strangely shaped body.
Your system is resistant to poisons. (rPois)
You cover ground very slowly.
You have a slow metabolism.
You can spit poison.


Message History

You block the giant cockroach's attack.
Things that are here:
a +0 flail; a gnoll corpse
Press: ? - help, Shift-Dir - straight line, f - gnoll, p - giant cockroach
Aim: a gnoll, wielding a +0 halberd The splash of poison hits the giant cockroach!
You kill the giant cockroach!
You feel slightly more hungry. The gnoll barely misses you.
The gnoll hits you with a +0 halberd.
* * * LOW HITPOINT WARNING * * *
You see here a giant cockroach corpse.
You hit the gnoll but do no damage. The gnoll hits you with a +0 halberd!
* * * LOW HITPOINT WARNING * * *
It was a potion of berserk rage.
A red film seems to cover your vision as you go berserk!
You feel yourself moving faster!
You feel mighty! The gnoll hits you with a +0 halberd.
* * * LOW HITPOINT WARNING * * *
The gnoll hits you with a +0 whip.
You die...

##.......##
#.#.###
##.....##
#.....# ##...##
#####.# ##+#
### #.# ..# #.#
#.# #.# #.# #.#
...#####.####.#
......g@......#
.....###g######
#.....g).#
##########


You could see 2 gnolls.

Vanquished Creatures
  A gnoll (D:2)
  2 adders (D:2)
  2 dart slugs (D:1)
  5 orcs (D:2)
  4 giant cockroaches
  2 hobgoblins (D:2)
  5 kobolds
  A quokka (D:2)
  5 bats
  5 frilled lizards
  8 goblins (D:1)
  5 rats
45 creatures vanquished.

Notes
Turn   | Place    | Note
-------+----------+-------------------------------------------
     0 | D:1      | Faca the Naga Fighter began the quest for the Orb.
     0 | D:1      | Reached XP level 1. HP: 21/21 MP: 1/1
    76 | D:1      | Reached XP level 2. HP: 25/28 MP: 2/2
   141 | D:1      | Found a shattered altar of Ashenzari.
   572 | D:1      | Reached XP level 3. HP: 33/34 MP: 3/3
   829 | D:2      | Found a bloodstained altar of Trog.
  1267 | D:2      | Reached skill level 4 in Fighting
  1267 | D:2      | Reached XP level 4. HP: 44/44 MP: 4/4
  1363 | D:2      | Found a faded altar of an unknown god.
  1555 | D:2      | HP: 2/66 [gnoll/+0 halberd (3)]
  1555 | D:2      | Slain by a gnoll

Levels and vault maps discovered:
D:1:      evilmike_arrival_plus, layout_basic, evilmike_ruin_ashenzari
D:2:      minmay_door_path, layout_loops_corners,
          chequers_ecumenical_altar_twisty, first_ration,
          ebering_dispersal_statue_hall, trog_three_pillars_becter

Skill      XL: |  1  2  3 |
---------------+----------+-----
Polearms       | 3 |  3.4
Fighting       | 4 |  4.1
Armour         | |  2.4
Shields        | |  2.4

Action                   |  1- 3 |  4- 6 || total
-------------------------+-------+-------++-------
Melee: Trident           |   141 |    22 ||   163
 Abil: Spit Poison       |       |     1 ||     1
  Use: Scroll            |     2 |       ||     2
       Potion            |       |     1 ||     1
  Eat: Chunk             |       |     1 ||     1
Armor: Scale mail        |    54 |    12 ||    66
Dodge: Dodged            |    29 |     9 ||    38
Block: Kite shield       |    48 |    17 ||    65

Table legend:
 A = Non-vault XP
 B = Vault XP
 C = Vault XP percentage of total XP
 D = Non-vault monster count
 E = Vault monster count
 F = Vault count percentage of total count
                 A         B        C        D         E       F
            +---------+---------+-------+---------+---------+-------
      Total |     113 |       0 |   0.0 |      45 |       0 |   0.0
            +---------+---------+-------+---------+---------+-------
        D:1 |      37 |       0 |   0.0 |      23 |       0 |   0.0
        D:2 |      76 |       0 |   0.0 |      22 |       0 |   0.0
            +---------+---------+-------+---------+---------+-------
